 Dungeon Crawl Stone Soup version 0.29-a0-214-g17f627cfee (webtiles) character file.

Game seed: 4404913890694669959

66 domi the Magician (level 3, 0/24 HPs)
             Began as a Mummy Hedge Wizard on Feb 24, 2022.
             Slain by an adder (5 damage)
             ... on level 3 of the Dungeon.
             The game lasted 00:05:25 (2605 turns).

domi the Magician (Mummy Hedge Wizard)              Turns: 2605, Time: 00:05:25

Health: 0/24       AC:  2    Str: 13    XL:     3   Next: 96%
Magic:  8/9        EV: 12    Int: 15    God:
Gold:   136        SH:  0    Dex: 11    Spells: 0/11 levels left

rFire   x . .      SeeInvis .   l - +1 short sword (venom)
rCold   + . .      Faith    .   (no shield)
rNeg    + + +      Spirit   .   b - +0 robe
rPois   ∞          Reflect  .   c - +0 hat
rElec   .          Harm     .   (no cloak)
rCorr   .          Rampage  .   (no gloves)
Will    .....                   (no boots)
Stlth   ++........              (no amulet)
HPRegen 0.08/turn               (no ring)
MPRegen 0.11/turn               (no ring)

@: no status effects
A: cold resistance 1, negative energy resistance 3, torment resistance 2, heat
vulnerability 1, no potions
a: no special abilities


You were on level 3 of the Dungeon.
You visited 1 branch of the dungeon, and saw 3 of its levels.

You collected 136 gold pieces.

Inventory:

Hand Weapons
 a - a +0 dagger
 e - a +2 dagger of pain
   (You took it off a goblin on level 1 of the Dungeon)
 l - a +1 short sword of venom (weapon)
   (You took it off a kobold on level 2 of the Dungeon)
Missiles
 g - 4 javelins (quivered)
 k - 6 poisoned darts
Armour
 b - a +0 robe (worn)
 c - a +0 hat (worn)
Scrolls
 d - a scroll of identify {@r1}
 f - 2 scrolls of fear
 h - a scroll of noise {!r}
 i - a scroll of teleportation {@r4}
 j - a scroll of blinking


   Skills:
 - Level 1.5 Dodging
 - Level 1.5 Stealth
 + Level 4.7 Spellcasting
 * Level 2.6 Conjurations
 - Level 0.7 Summonings
 - Level 0.7 Translocations


You couldn't memorise any spells.
You knew the following spells:

 Your Spells              Type           Power      Damage    Failure   Level
b - Blink                 Tloc           10%        N/A       19%         2
c - Mephitic Cloud        Conj/Pois/Air  6%         N/A       34%         3
x - Call Imp              Summ           5%         N/A       19%         2
z - Magic Dart            Conj           44%        1d5       5%          1
Z - Conjure Flame         Conj/Fire      7%         6-21      28%         3

Your spell library contained the following spells:

 Spells                   Type           Power      Damage    Failure   Level
 Slow                     Hex            12%        N/A       17%         1


Dungeon Overview and Level Annotations

Branches:
Dungeon (3/15)

Altars:

Shops:
D:1 !

Portals:
Sewer: D:3


Innate Abilities, Weirdness & Mutations

You are immune to poison.
Your flesh is cold resistant. (rC+)
You are immune to negative energy. (rN+++)
You are immune to unholy pain and torment.
You are vulnerable to heat. (rF-)
You do not drink.


Message History

You start resting.
Your magical contamination has completely faded away.
You now have 128 gold pieces (gained 14).
You hear the slow rusting of a very distant drain.
You now have 136 gold pieces (gained 8).
MP restored: 9 The orc shouts!
Aim: an orc, wielding a +0 hand axe and wearing a +0 leather armour (100% to hit)
The magic dart hits the orc.
You now have 8/9 mp.
Aim: an orc, wielding a +0 hand axe and wearing a +0 leather armour (lightly wounded, 100% to hit)
The magic dart hits the orc but does no damage.
You now have 7/9 mp.
Aim: an orc, wielding a +0 hand axe and wearing a +0 leather armour (100% to hit)
The magic dart hits the orc but does no damage.
You now have 6/9 mp.
Aim: an orc, wielding a +0 hand axe and wearing a +0 leather armour (100% to hit)
The magic dart hits the orc but does no damage.
The orc completely misses you.
You now have 5/9 mp.
Aim: an orc, wielding a +0 hand axe and wearing a +0 leather armour (100% to hit)
The magic dart hits the orc.
The orc hits you with a +0 hand axe.
You take 6 damage, and have 18/24 hp.
MASSIVE DAMAGE!!
You now have 4/9 mp.
You hit the orc.
The orc is poisoned.
You kill the orc!
Found a stone staircase leading up.
There is a stone staircase leading up here.
A dart slug comes into view.
You hit the dart slug. The dart slug launches a dart at you.
The slug dart hits you.
You take 2 damage, and have 17/24 hp.
You hit the dart slug.
The dart slug is poisoned.
You kill the dart slug!
j - a scroll of blinking You hear the slow rusting of a distant drain.
There are no items here.
MP restored: 9
f - 2 scrolls of fear (gained 1)
Found a glowing drain.
The ball python hisses angrily.
The endoplasm quivers.
The adder hisses angrily.
You hit the endoplasm. The endoplasm completely misses you.
The endoplasm freezes you.
You are frozen.
You resist.
You hit the endoplasm.
You kill the endoplasm!
You open the door.
There is an open door here.
You enter the shallow water.
Moving in this stuff is going to be slow.
You hear the rusting of a drain.
The adder barely misses you. The river rat bites you.
The adder closely misses you. The river rat bites you.
You take 7 damage, and have 14/24 hp.
MASSIVE DAMAGE!!
The adder misses you.
There is an open door here.
You miss the adder. The adder barely misses you.
You completely miss the adder. The adder closely misses you.
You closely miss the adder. The adder completely misses you.
The river rat closely misses you.
You closely miss the adder. The adder closely misses you.
The river rat bites you. The adder bites you but does no damage.
You take 6 damage, and have 9/24 hp.
MASSIVE DAMAGE!!
The adder closely misses you.
Okay, then.
A beastly little devil appears in a puff of flame.
The adder bites you.
* * * LOW HITPOINT WARNING * * *
You take 2 damage, and have 7/24 hp.
You now have 7/9 mp.
Your crimson imp barely misses the adder.
You hit the adder. The adder misses you.
Your crimson imp barely misses the adder.
You barely miss the adder. The adder barely misses you.
The ball python bites you.
* * * LOW HITPOINT WARNING * * *
The ball python closely misses you.
Your crimson imp closely misses the adder.
The adder bites you.
* * * LOW HITPOINT WARNING * * *
The ball python bites you.
* * * LOW HITPOINT WARNING * * *
The ball python closely misses you.
You take 2 damage, and have 5/24 hp.
The ball python barely misses your crimson imp.
The ball python grabs your crimson imp.
The ball python constricts your crimson imp.
You hit the adder.
The adder is poisoned.
The river rat barely misses your crimson imp.
The adder barely misses you.
The ball python bites your crimson imp but does no damage.
The ball python constricts your crimson imp.
Your crimson imp hits the ball python.
You hit the adder.
The adder looks as sick as possible!
The adder bites you.
You die...

##. ####.#####≈≈≈ #.#
#.# #### ## .# #.#
#.. 8### #.# .# #.#
#.# .... #.# .# #..
#.# .... #.# .# #..
#.# .... #.# ##.# #..
#.. 8### ###.# #..#
#.. ### ## #...# #@#
#.! # #.#####.#.###S#
##..#######
..........B.S5#
#..........
#.#.##'####r.#
#...#######
#≈≈≈B≈#..######...#
#≈≈∩≈≈#...........#
#.#≈≈≈≈≈#.###...##..#
#.#≈≈≈≈≈#.###.......#
#.#######.......###.


You could see an adder (extremely poisoned), a river rat, a ball python (ally
target) and a friendly crimson imp (summoned).

Vanquished Creatures
  A worm (D:2)
  5 dart slugs
  An orc (D:3)
  5 ball pythons
  7 endoplasms
  4 giant cockroaches
  3 goblins
  4 hobgoblins
  2 jackals (D:1)
  2 kobolds (D:2)
  2 quokkas
  3 bats (D:1)
  5 frilled lizards
  3 rats
47 creatures vanquished.

Notes
Turn   | Place    | Note
-------+----------+-------------------------------------------
     0 | D:1      | domi the Mummy Hedge Wizard began the quest for the Orb.
     0 | D:1      | Reached XP level 1. HP: 13/13 MP: 5/5
    69 | D:1      | Reached skill level 1 in Conjurations
    80 | D:1      | HP: 3/13 [frozen (2)]
   353 | D:1      | Reached XP level 2. HP: 19/19 MP: 2/7
   423 | D:1      | Found Pohassut's Distillery.
   626 | D:1      | Found a faded altar of an unknown god.
  1198 | D:1      | Reached skill level 2 in Conjurations
  1422 | D:2      | Reached XP level 3. HP: 24/24 MP: 3/8
  2453 | D:3      | Learned a level 2 spell: Call Imp
  2456 | D:3      | Learned a level 2 spell: Blink
  2460 | D:3      | Learned a level 3 spell: Mephitic Cloud
  2464 | D:3      | Learned a level 3 spell: Conjure Flame
  2573 | D:3      | Found a glowing drain.
  2602 | D:3      | HP: 6/24 [adder (1)]
  2605 | D:3      | Slain by an adder

Illustrated notes

Levels and vault maps discovered:
D:1:      saegor_arrival_simple_c, layout_basic, shapermc_ecumenical_altar_venn,
          serial_shops, shop, minmay_misc_feat_pillars
D:2:      layout_rooms, minmay_tripent
D:3:      layout_loops_ring, portal_sewer_entry_c, grunt_ministairs_11,
          minmay_misc_feat_tiny, corexii_hall_statues_x, kennysheep_crisscross,
          grunt_decor_one_mirror, chequers_serial_rivers_small_a

Skill      XL: |  1  2 |
---------------+-------+-----
Conjurations   | 1 2 |  2.6
Dodging        | |  1.5
Stealth        | |  1.5
Spellcasting   | |  4.7
Summonings     | |  0.7
Translocations | |  0.7

Action                   || total
-------------------------++-------
Melee: Dagger            ||    22
       Short sword       ||    20
 Cast: Magic Dart        ||   110
       Call Imp          ||     1
  Use: Scroll            ||     6
 Stab: Sleeping          ||     1
Armor: Robe              ||     6
Dodge: Dodged            ||    32

Table legend: (Time is in decaauts)
 A = Elapsed time spent in this place.
 B = Non-inter-level travel time spent in this place.
 C = Inter-level travel time spent in this place.
 D = Time resting spent in this place.
 E = Time spent auto-exploring this place.
 F = Levels seen in this place.
 G = Mean time per level.
                   A        B        C        D        E       F      G
               +--------+--------+--------+--------+--------+-----+--------+
         Total |   2608 |   2566 |     42 |    152 |   1902 |   3 |  869.3 |
       Dungeon |   2608 |   2566 |     42 |    152 |   1902 |   3 |  869.3 |
               +--------+--------+--------+--------+--------+-----+--------+

Top non-repeatable levels by time:
     D:1: 1416 daAuts
     D:2: 921 daAuts
     D:3: 270 daAuts

Table legend:
 A = Kills in this place as a percentage of kills in entire the game.
 B = Kills by you in this place as a percentage of kills by you in the entire game.
 C = Kills by friends in this place as a percentage of kills by friends in the entire game.
 D = Other kills in this place as a percentage of other kills in the entire game.
 E = Experience gained in this place as a percentage of experience gained in the entire game.
 F = Experience gained in this place divided by the number of levels of this place that you have seen.
                   A       B       C       D       E      F
               +-------+-------+-------+-------+-------+----------------------
         Total | 100.0 | 100.0 |   N/A |   N/A | 100.0 |  31.7
       Dungeon | 100.0 | 100.0 |   N/A |   N/A | 100.0 |  31.7
               +-------+-------+-------+-------+-------+----------------------
